 Dungeon Crawl Stone Soup version 0.28-a0-1404-g4df0f3684d (webtiles) character file.

Game seed: 18123505263419958806

3405 YayAnonymity the Slinger (level 9, -18/61 HPs)
             Began as a Demonspawn Hunter on Jan 6, 2022.
             Was a Follower of Trog.
             Demolished by a komodo dragon (25 damage)
             ... on level 8 of the Dungeon.
             The game lasted 00:21:24 (11830 turns).

YayAnonymity the Slinger (Demonspawn Hunter)       Turns: 11830, Time: 00:21:25

Health: -18/61     AC: 17    Str: 16    XL:     9   Next: 75%
Magic:  18/18      EV: 13    Int: 12    God:    Trog [*.....]
Gold:   419        SH:  4    Dex: 20    Spells: 8/8 levels left

rFire   + . .      SeeInvis .   b - +1 dagger (elec)
rCold   . . .      Faith    .   (no shield)
rNeg    . . .      Spirit   .   C - +1 ring mail "Yrash" {Dex+5}
rPois   .          Reflect  .   (no helmet)
rElec   .          Harm     .   (no cloak)
rCorr   .          Rampage  .   (no gloves)
Will    .....                   (no boots)
Stlth   +.........              (no amulet)
HPRegen 0.20/turn               h - ring of magical power
MPRegen 0.16/turn               t - ring of protection from fire

@: no status effects
A: molten scales 2, foul stench 1, icemail 2, condensation shield
a: Renounce Religion, Berserk


You were on level 8 of the Dungeon.
You worshipped Trog.
Trog was aware of your devotion.
You visited 2 branches of the dungeon, and saw 9 of its levels.

You collected 419 gold pieces.

Inventory:

Hand Weapons
 a - a +1 hunting sling
 b - a +1 dagger of electrocution (weapon)
 D - the +3 scythe "Zierole" {vorpal, rPois Int+4 Stlth+}
   (You took it off an orc warrior on level 8 of the Dungeon)

   It inflicts extra damage upon your enemies.
   Int:       It affects your intelligence (+4).
   rPois:     It protects you from poison.
   Stlth:     It makes you more stealthy.
Missiles
 i - 5 javelins (quivered)
 j - 158 stones
 p - 20 poisoned darts
 r - 22 sling bullets
 y - a curare-tipped dart
Armour
 C - the +1 ring mail "Yrash" (worn) {Dex+5}
   (You found it on level 5 of the Dungeon)

   Dex:       It affects your dexterity (+5).
Jewellery
 h - a ring of magical power (left hand)
 t - a ring of protection from fire (right hand)
Wands
 d - a wand of polymorph (4)
 v - a wand of flame (13)
Scrolls
 f - a scroll of fear
 m - 2 scrolls of teleportation
 o - a scroll of enchant armour
 q - a scroll of brand weapon {unknown}
 s - 2 scrolls of noise
 x - a scroll of identify
 z - a scroll of acquirement {unknown}
 A - 2 scrolls of enchant weapon {unknown}
Potions
 c - 2 potions of might
 e - 3 potions of curing
 g - 2 potions of lignification
 k - a potion of resistance {unknown}
 l - 2 potions of cancellation
 n - 3 potions of heal wounds {unknown}
 u - a potion of attraction {unknown}
 w - 2 potions of mutation
 B - 2 potions of invisibility


   Skills:
 - Level 2.0 Fighting
 + Level 6.0 Short Blades
 * Level 11.2 Slings
 - Level 4.0 Dodging
 - Level 0.8 Stealth


You had 8 spell levels left.
You didn't know any spells.
Your spell library contained the following spells:

 Spells                   Type           Power      Damage    Failure   Level
 Gell's Gravitas          Tloc           0%         N/A       88%         3
 Ignite Poison            Fire/Tmut/Pois 0%         N/A       88%         3
 Lesser Beckoning         Tloc           0%         N/A       88%         3
 Mephitic Cloud           Conj/Pois/Air  0%         N/A       88%         3
 Ozocubu's Armour         Ice            0%         N/A       88%         3
 Stone Arrow              Conj/Erth      0%         3d7       88%         3
 Teleport Other           Tloc           0%         N/A       88%         3
 Tukima's Dance           Hex            0%         N/A       88%         3
 Animate Armour           Summ/Erth      0%         N/A       99%         4
 Passage of Golubria      Tloc           0%         N/A       99%         4
 Freezing Cloud           Conj/Ice/Air   0%         6-21      100%        5
 Yara's Violent Unravell  Hex/Tmut       0%         3d3       100%        5
 Ozocubu's Refrigeration  Ice            0%         4d5       100%        7
 Borgnjor's Revivificati  Necr           0%         N/A       100%        8
 Lehudib's Crystal Spear  Conj/Erth      0%         10d2      100%        8
 Necromutation            Tmut/Necr      0%         N/A       100%        8
 Death's Door             Necr           0%         N/A       100%        9


Dungeon Overview and Level Annotations

Branches:
Dungeon (8/15)             Temple (1/1) D:7            Lair (0/6) D:8

Altars:
Ashenzari
Cheibriados
Dithmenos
Elyvilon
Fedhas
Gozag
Hepliaklqana
Kikubaaqudgha
Makhleb
Nemelex Xobeh
Okawaru
Qazlal
Ru
Trog
Uskayaw
Vehumet
Wu Jian
Xom
Yredelemnul
Zin
The Shining One

Shops:
D:2 [


Innate Abilities, Weirdness & Mutations

You are mostly covered in molten scales. (AC +3)
You may rarely emit foul miasma when damaged in melee.
A meltable icy envelope protects you from harm. (AC +8)
A meltable shield of frost defends you. (SH +4)


Message History

The stone barely misses the komodo dragon.
The komodo dragon bites you!
You shoot a stone.
The stone hits the komodo dragon but does no damage.
The komodo dragon is lightly wounded.
The komodo dragon bites you!
You shoot a stone. The stone hits the komodo dragon!
The komodo dragon is moderately wounded.
You hear the crackle of electricity.
b - a +1 dagger of electrocution (weapon)
The komodo dragon bites you!
* * * LOW HITPOINT WARNING * * *
You are too injured to fight recklessly!
You are too injured to fight recklessly!
You are too injured to fight recklessly!
You hit the komodo dragon.
The komodo dragon is moderately wounded.
You completely miss the komodo dragon.
The komodo dragon is moderately wounded.
The komodo dragon closely misses you.
You barely miss the komodo dragon.
The komodo dragon is moderately wounded.
The komodo dragon bites you!
* * * LOW HITPOINT WARNING * * *
You hit the komodo dragon.
The komodo dragon is heavily wounded.
The komodo dragon bites you but does no damage.
You hit the komodo dragon but do no damage.
Lightning courses through the komodo dragon!
The komodo dragon is severely wounded.
You hit the komodo dragon.
The komodo dragon is severely wounded.
The komodo dragon bites you.
* * * LOW HITPOINT WARNING * * *
You emit a cloud of foul miasma!
You barely miss the komodo dragon.
The komodo dragon is severely wounded.
The komodo dragon is engulfed in dark miasma.
The komodo dragon is poisoned.
The komodo dragon bites you!!
You die...

......## ########.#.#
###....####........#.#
.........##.########.#
......P.....# #.#
...P........# #.#
............# #.#
..........).## #.#
.............#######.#
.........(...(.l@....#
...........(..########
..........(...#
.........(...P#
>....P...# ..(......#
.........# (.....P..#


You could see a komodo dragon (poisoned).

Vanquished Creatures
  Grinder (D:3)
  3 water moccasins
  An orc warrior (D:8)
  A black bear (D:3)
  A necrophage (D:4)
  An ice beast (D:6)
  An ogre (D:5)
  3 centaurs
  2 kobold brigands
  5 bullfrogs
  3 scorpions
  A wyvern zombie (D:8)
  A water moccasin skeleton (D:5)
  3 killer bees (D:8)
  5 wights (D:6)
  4 howler monkeys
  3 electric eels (D:6)
  A centaur zombie (D:8)
  4 hounds
  2 bullfrog skeletons
  5 orc priests
  Natasha (thrice) (D:3)
  3 iguanas
  An orc wizard (D:4)
  A scorpion zombie (D:5)
  2 hound skeletons
  A howler monkey zombie (D:5)
  3 gnolls (D:5)
  10 adders
  2 shadow imps
  3 white imps
  An adder skeleton (D:4)
  A worm (D:4)
  A dart slug (D:2)
  18 orcs
  8 endoplasms
  6 giant cockroaches
  14 goblins
  7 hobgoblins
  4 jackals (D:1)
  2 quokkas
  7 ball pythons
  6 bats
  13 frilled lizards
  15 kobolds
  9 rats
192 creatures vanquished.

Vanquished Creatures (others)
  69 fungi
  72 plants
  4 toadstools (D:1)
145 creatures vanquished.

Grand Total: 337 creatures vanquished

Notes
Turn   | Place    | Note
-------+----------+-------------------------------------------
     0 | D:1      | YayAnonymity the Demonspawn Hunter began the quest for the
                  | Orb.
     0 | D:1      | Reached XP level 1. HP: 16/16 MP: 1/1
   159 | D:1      | Gained mutation: A meltable shield of frost defends you.
                  | (SH +4) [demonic ancestry]
   159 | D:1      | Reached XP level 2. HP: 22/22 MP: 2/2
   422 | D:1      | Reached skill level 4 in Slings
   588 | D:1      | Gained mutation: A meltable icy envelope protects you from
                  | harm. (AC +8) [demonic ancestry]
   588 | D:1      | Reached XP level 3. HP: 7/27 MP: 3/3
  1666 | D:2      | Reached XP level 4. HP: 31/33 MP: 4/4
  1758 | D:2      | Found Plog's Armour Emporium.
  2302 | D:2      | Found a faded altar of an unknown god.
  2543 | D:2      | Gained mutation: You are partially covered in molten
                  | scales. (AC +2) [demonic ancestry]
  2543 | D:2      | Reached XP level 5. HP: 36/38 MP: 5/5
  2643 | D:2      | Reached skill level 5 in Slings
  2800 | D:3      | Noticed Natasha
  2822 | D:3      | Killed Natasha
  2981 | D:3      | Noticed Grinder
  2983 | D:3      | Paralysed by Grinder for 7 turns
  3001 | D:3      | Paralysed by Grinder for 6 turns
  3011 | D:3      | Killed Grinder
  3012 | D:3      | Reached skill level 6 in Slings
  3012 | D:3      | Gained mutation: You may rarely emit foul miasma when
                  | damaged in melee. [demonic ancestry]
  3012 | D:3      | Reached XP level 6. HP: 31/44 MP: 6/6
  3555 | D:3      | Noticed Natasha
  3558 | D:3      | Killed Natasha
  3787 | D:3      | Gained mutation: A meltable icy envelope protects you from
                  | harm. (AC +8) [demonic ancestry]
  3787 | D:3      | Reached XP level 7. HP: 42/50 MP: 7/7
  4187 | D:3      | Noticed Natasha
  4199 | D:3      | Killed Natasha
  4384 | D:4      | Reached skill level 7 in Slings
  4525 | D:4      | Reached skill level 1 in Short Blades
  5298 | D:5      | Entered Level 5 of the Dungeon
  5663 | D:5      | Reached skill level 8 in Slings
  5663 | D:5      | Reached XP level 8. HP: 53/56 MP: 8/8
  6150 | D:5      | Identified the +1 ring mail "Yrash" {Dex+5}
  7731 | D:6      | Reached skill level 9 in Slings
  9012 | D:6      | Gained mutation: You are mostly covered in molten scales.
                  | (AC +3) [demonic ancestry]
  9012 | D:6      | Reached XP level 9. HP: 60/61 MP: 9/9
  9074 | D:7      | Found a staircase to the Ecumenical Temple.
  9106 | Temple   | Entered the Ecumenical Temple
  9350 | Temple   | Became a worshipper of Trog the Wrathful
  9653 | D:7      | Reached skill level 10 in Slings
 10351 | D:7      | Reached skill level 5 in Short Blades
 10734 | D:8      | Reached * piety under Trog
 10869 | D:8      | Reached skill level 11 in Slings
 10882 | D:8      | Identified the +3 scythe "Zierole" {vorpal, rPois Int+4
                  | Stlth+}
 10903 | D:8      | HP: 3/61 [orc warrior (1)]
 11801 | D:8      | Found a staircase to the Lair.
 11803 | D:8      | Noticed a komodo dragon
 11830 | D:8      | Demolished by a komodo dragon

Illustrated notes

Levels and vault maps discovered:
D:1:      dpeg_arrival_connections, layout_loops_ring, serial_aquarium,
          aquarium_bridge_square [aquarium_subvault_wall,
          aquarium_subvault_bridge, aquarium_subvault_wall,
          aquarium_subvault_wall], aquarium_window_1, aquarium_window_1,
          aquarium_window_fake, aquarium_view_2a, aquarium_pool_side,
          minmay_gold_behind_fungi
D:2:      kennysheep_big_flooded_room, layout_basic,
          shapermc_ecumenical_altar_mp_ritualfount, serial_shops, shop,
          minmay_lizard_king
D:3:      layout_basic, uniq_grinder, uniq_natasha
D:4:      layout_rooms
D:5:      layout_gridville, chequers_mini_garden, bh_walls_and_bars
D:6:      layout_basic, serial_bayou, serial_bayou_pond_d, serial_bayou_lake_a,
          serial_bayou_pond_d, serial_bayou_shore_a, serial_bayou_crossing,
          serial_bayou_pond_a
D:7:      layout_loops_ring, minmay_temple_entry_antechambers
D:8:      layout_basic, led_sif_book, due_lair_maze_entry_diamond, serial_shops,
          kennysheep_mini
Temple:   nicolae_temple_the_god_donut

Skill      XL: |  1  2  3  4  5  6  7  8  9 |
---------------+----------------------------+-----
Dodging        | 2 3 4 |  4.0
Slings         | 4 6 8 9 11 | 11.2
Short Blades   | 2 4 6 |  6.0
Fighting       | |  2.0
Stealth        | |  0.8

Action                   |  1- 3 |  4- 6 |  7- 9 || total
-------------------------+-------+-------+-------++-------
Melee: Short sword       |    80 |    80 |       ||   160
       Punch             |       |     2 |     2 ||     4
       Dagger            |       |     2 |   121 ||   123
 Fire: Hunting sling     |    79 |   114 |   622 ||   815
  Use: Scroll            |       |       |    14 ||    14
 Stab: Sleeping          |       |     2 |       ||     2
Armor: Leather armour    |    31 |    39 |    23 ||    93
       Skin              |       |     4 |       ||     4
       Ring mail         |       |       |   143 ||   143
Dodge: Dodged            |    67 |    86 |   219 ||   372
Block: Other             |    13 |    14 |    80 ||   107

Table legend: (Time is in decaauts)
 A = Elapsed time spent in this place.
 B = Non-inter-level travel time spent in this place.
 C = Inter-level travel time spent in this place.
 D = Time resting spent in this place.
 E = Time spent auto-exploring this place.
 F = Levels seen in this place.
 G = Mean time per level.
                   A        B        C        D        E       F      G
               +--------+--------+--------+--------+--------+-----+--------+
         Total |  11763 |  11217 |    546 |   2019 |   7197 |   9 | 1307.0 |
       Dungeon |  11506 |  10971 |    535 |   2019 |   6978 |   8 | 1438.2 |
        Temple |    256 |    245 |     11 |      0 |    219 |   1 |  256.0 |
               +--------+--------+--------+--------+--------+-----+--------+

Top non-repeatable levels by time:
     D:6: 2367 daAuts
     D:3: 1961 daAuts
     D:7: 1674 daAuts
     D:1: 1484 daAuts
     D:5: 1201 daAuts
     D:2: 1157 daAuts
     D:8: 933 daAuts
     D:4: 726 daAuts
  Temple: 256 daAuts
